 Dungeon Crawl Stone Soup version 0.29.1-12-g30fa7ad0bf (webtiles) character file.

Game seed: 15753906542047448608

4869 Hrothgar the Chopper (level 10, 0/83 HPs)
             Began as a Hill Orc Fighter on Jan 8, 2023.
             Was an Elder of Beogh.
             Slain by a gnoll sergeant
             ... wielding a +2 trident of freezing
              (9 damage)
             ... on level 8 of the Dungeon.
             The game lasted 00:47:26 (10247 turns).

Hrothgar the Chopper (Hill Orc Fighter)            Turns: 10247, Time: 00:47:28

Health: 0/83       AC:  6    Str: 24    XL:     10   Next: 50%
Magic:  14/14      EV: 13    Int: 14    God:    Beogh [****..]
Gold:   336        SH:  0    Dex: 16    Spells: 2/13 levels left

rFire   . . .      SeeInvis .   t - +0 halberd (freeze)
rCold   . . .      Faith    +   (shield currently unavailable)
rNeg    . . .      Spirit   .   l - +4 robe of Augmentation {Str+4 Int+4 Dex+4}
rPois   .          Reflect  .   J - +0 hat {Will+}
rElec   .          Harm     .   (no cloak)
rCorr   .          Rampage  .   (no gloves)
Will    +....      Rage     3%  (no boots)
Stlth   ++........              f - amulet of faith
HPRegen 0.23/turn               (no ring)
MPRegen 0.14/turn               (no ring)

@: lethally poisoned (0 -> -10)
A: horns 1, berserk 1, high MP 1
a: Renounce Religion, Smiting, Recall Orcish Followers


You were on level 8 of the Dungeon.
You worshipped Beogh.
Beogh was greatly pleased with you.
You visited 1 branch of the dungeon, and saw 8 of its levels.
You also visited: Ossuary.

You collected 426 gold pieces.
You spent 90 gold pieces at shops.

Inventory:

Hand Weapons
 a - a +0 long sword
 d - a +2 hand axe of venom
 p - a +0 great sword
 t - a +0 halberd of freezing (weapon)
 y - a +0 war axe
 F - a +0 short sword
 K - a +0 vorpal broad axe
Missiles
 e - 20 poisoned darts
 v - 4 atropa-tipped darts (quivered)
 D - 6 javelins
 E - a curare-tipped dart
Armour
 b - a +0 scale mail
 c - a +0 buckler
 j - a +0 troll leather armour
 l - the +4 robe of Augmentation (worn) {Str+4 Int+4 Dex+4}
   (You found it on level 3 of the Dungeon)

   Str:       It affects your strength (+4).
   Int:       It affects your intelligence (+4).
   Dex:       It affects your dexterity (+4).
 I - the +9 plate armour of the Lich-sworn {Rampage Str+2 Dex+3}
   (You took it off an orc warrior on level 7 of the Dungeon)

   Str:       It affects your strength (+2).
   Dex:       It affects your dexterity (+3).
   Rampage:   It bestows one free step when moving towards enemies.
 J - a +0 hat of willpower (worn)
 N - +2 swamp dragon scales
Jewellery
 f - an amulet of faith (around neck)
 H - an amulet of magic regeneration
Wands
 m - a wand of digging (2)
 w - a wand of polymorph (5)
Scrolls
 k - 7 scrolls of magic mapping
 o - 3 scrolls of fog
 q - 2 scrolls of immolation
 r - 3 scrolls of teleportation {unknown}
 s - a scroll of vulnerability {unknown}
 u - a scroll of amnesia {unknown}
 A - 3 scrolls of enchant armour {unknown}
 G - a scroll of fear
Potions
 g - a potion of heal wounds {unknown}
 h - 2 potions of lignification
 i - 6 potions of brilliance
 n - 2 potions of degeneration {unknown}
 x - 2 potions of haste {unknown}
 z - 2 potions of invisibility {unknown}
 C - 2 potions of curing
 L - a potion of might
 M - 2 potions of attraction {unknown}


   Skills:
 * Level 5.9 Fighting
 * Level 5.1 Long Blades
 * Level 7.1 Axes
 * Level 0.1(3.5) Polearms
 * Level 2.9 Throwing
 * Level 5.4 Armour
 * Level 3.6 Dodging
 * Level 3.0 Stealth
 * Level 5.6 Shields
 * Level 2.3 Spellcasting
 * Level 2.6 Conjurations
 * Level 3.3 Hexes
 * Level 2.1 Summonings
 * Level 1.4 Translocations
 * Level 3.4 Fire Magic
 * Level 2.8 Earth Magic
 * Level 2.5 Invocations
 * Level 3.1 Evocations


You had 2 spell levels left.
You knew the following spells:

 Your Spells              Type           Power      Damage    Failure   Level
a - Inner Flame           Hex/Fire       11%        N/A       17%         3
b - Stone Arrow           Conj/Erth      18%        3d8       22%         3
c - Summon Forest         Summ/Tloc      3%         N/A       97%         5

Your spell library contained the following spells:

 Spells                   Type           Power      Damage    Failure   Level
 Cause Fear               Hex            5%         N/A       50%         4
 Animate Armour           Summ/Erth      16%        N/A       63%         4
 Summon Mana Viper        Hex/Summ       9%         N/A       90%         5
 Summon Cactus Giant      Summ           3%         N/A       100%        6
 Discord                  Hex            5%         N/A       100%        8
 Lehudib's Crystal Spear  Conj/Erth      4%         10d3      100%        8


Dungeon Overview and Level Annotations

Branches:
Dungeon (8/15)             Temple (0/1) D:5         Ossuary (visited)
   Lair: D:8-11

Altars:
Cheibriados
Hepliaklqana
Kikubaaqudgha
Makhleb
Sif Muna
Xom
Yredelemnul
Zin
Beogh

Shops:
D:4 =


Innate Abilities, Weirdness & Mutations

You have a pair of small horns on your head.
You sometimes lose your temper in combat.
You have an increased reservoir of magic. (+10% MP)


Message History

The gnoll sergeant freezes you. The white imp gestures at you.
The puff of frost hits you but does no damage.
You slash the centaur! You freeze the centaur.
You kill the centaur!
Beogh accepts your kill.
The howler monkey hoots and howls with incredible vigour!
The gnoll sergeant barely misses you. The water moccasin bites you.
Your orc knight roars a battlecry!
Your orc warrior goes into a battle-frenzy!
The gnoll sergeant hits you from afar with a +2 trident of freezing.
The gnoll sergeant freezes you.
You closely miss the water moccasin.
The water moccasin is heavily wounded.
The water moccasin barely misses you.
The gnoll sergeant hits you from afar with a +2 trident of freezing!
The gnoll sergeant freezes you. The water moccasin closely misses you.
Unknown command.
You barely miss the water moccasin.
Your headbutt misses the water moccasin.
The water moccasin is heavily wounded.
The water moccasin misses you.
The gnoll sergeant hits you from afar with a +2 trident of freezing.
The gnoll sergeant freezes you. The water moccasin bites you.
You are poisoned.
The water moccasin poisons you!
You miss the water moccasin.
Your headbutt misses the water moccasin.
The water moccasin is heavily wounded.
You feel very sick.
The white imp disappears for a moment.
The orc warrior grunts to no one in particular.
The gnoll sergeant hits you from afar with a +2 trident of freezing!
* * * LOW HITPOINT WARNING * * *
The gnoll sergeant freezes you.
* * * LOW HITPOINT WARNING * * *
The water moccasin bites you.
* * * LOW HITPOINT WARNING * * *
The gnoll sergeant hits you from afar with a +2 trident of freezing!
You die...

#...# #....###.#.#....#.# #...#
#..........#......# #...#
#...####..######### #...#
#..##..##.########### #####...#
###..'....#............
...##...###....#.[..#.###########
##..#.......#####..##.#
###..##.##.##.###'##..###########
.oo..##.#..#.ooo@#####...........
####..#...)##.###Sol5##.....#####
##.#o..##...#'#.#cgo..#.....#
...#o#...#......#5zh..#.....#
##.#o###....#.#o#og?.!#.)[)[####
.........#....#o##(.?##..)[....#
...#.###.#.#..#..#####.#.<.....#
...#.# #.#.##.....ooo.##.......##
##.#.###.#.##.#.o###.###.........


You could see 2 orc warriors, a water moccasin (ally target), a wyvern, 2 gnoll
sergeants, a centaur, a howler monkey, a wight, a white imp, a shadow imp, an
orc, a friendly orc knight, a friendly orc warrior (strong) and the friendly
Ugbert the orc priest.

Vanquished Creatures
  A two-headed ogre (D:8)
  Pikel (D:8)
  A troll (D:6)
  A fire bat (D:5)
  A warg (D:7)
  A water moccasin (D:7)
  2 sky beasts
  2 ogres
  3 centaurs
  A lemure (D:8)
  2 elf zombies (Ossuary)
  A phantom (D:4)
  2 kobold brigands (D:7)
  4 bullfrogs
  A scorpion (D:5)
  2 necrophages
  2 howler monkeys (D:8)
  A centaur zombie (Ossuary)
  2 hounds (D:5)
  4 jellies
  An orc priest (D:5)
  2 gnoll boudas
  2 human zombies (Ossuary)
  An iguana (D:6)
  Natasha (thrice) (D:2)
  2 orc wizards (D:6)
  2 mummies (Ossuary)
  5 adders
  17 gnolls
  2 shadow imps
  An ufetubus (D:4)
  An adder zombie (Ossuary)
  A worm (D:5)
  3 dart slugs
  17 orcs
  10 bats
  7 endoplasms
  3 giant cockroaches
  6 hobgoblins
  3 jackals (D:1)
  4 quokkas
  8 ball pythons
  5 frilled lizards
  10 goblins
  3 goblin zombies (Ossuary)
  9 hobgoblin zombies (Ossuary)
  21 kobolds
  11 kobold zombies (Ossuary)
  6 orc zombies (Ossuary)
  4 rats
  2 rat zombies (Ossuary)
207 creatures vanquished.

Vanquished Creatures (collateral kills)
  The ghost of JanusIIV the Basher, a novice GrBe of Trog (D:7)
  Maggie (D:8)
  A troll (D:8)
  An acid dragon (D:8)
  4 orc warriors
  A centaur (D:8)
  A bullfrog (D:8)
  5 killer bees (D:8)
  A gnoll bouda (D:8)
  An orc priest (D:7)
  An orc wizard (D:7)
  3 gnolls
21 creatures vanquished.

Vanquished Creatures (others)
  An orc wizard (D:6)
  2 orc priests
  10 orcs
  2 withered plants (D:7)
15 creatures vanquished.

Grand Total: 243 creatures vanquished

Notes
Turn   | Place    | Note
-------+----------+-------------------------------------------
     0 | D:1      | Hrothgar the Hill Orc Fighter began the quest for the Orb.
     0 | D:1      | Reached XP level 1. HP: 19/19 MP: 1/1
   168 | D:1      | Reached XP level 2. HP: 27/27 MP: 2/2
   281 | D:2      | Noticed Natasha
   290 | D:2      | Killed Natasha
   291 | D:2      | Reached XP level 3. HP: 19/33 MP: 3/3
   304 | D:2      | Noticed Natasha
   600 | D:3      | Reached XP level 4. HP: 39/40 MP: 4/4
   893 | D:3      | Found the +4 robe of Augmentation {Str+4 Int+4 Dex+4}
   921 | D:3      | Learned a level 3 spell: Inner Flame
  1186 | D:4      | Reached skill level 1 in Stealth
  1197 | D:4      | Found Faedul's Jewellery Shoppe.
  1381 | D:4      | Noticed a phantom
  1409 | D:4      | Killed a phantom
  1410 | D:4      | Reached skill level 1 in Dodging
  1410 | D:4      | Reached XP level 5. HP: 32/46 MP: 5/5
  2082 | D:4      | Noticed an ogre
  2097 | D:4      | Killed an ogre
  2098 | D:4      | Reached XP level 6. HP: 33/53 MP: 6/6
  2559 | D:2      | Reached skill level 1 in Fire Magic
  2586 | D:2      | Reached skill level 1 in Axes
  2932 | D:2      | Killed Natasha
  2933 | D:2      | Reached skill level 1 in Hexes
  2964 | D:2      | Found a faded altar of an unknown god.
  3026 | D:2      | Noticed Natasha
  3028 | D:2      | Killed Natasha
  3029 | D:2      | Reached skill level 1 in Evocations
  3153 | D:2      | Found a basalt altar of Yredelemnul.
  3395 | D:5      | Entered Level 5 of the Dungeon
  3412 | D:5      | Reached skill level 1 in Spellcasting
  3412 | D:5      | Reached XP level 7. HP: 37/60 MP: 8/8
  3424 | D:5      | Learned a level 3 spell: Stone Arrow
  3490 | D:5      | Found a staircase to the Ecumenical Temple.
  3491 | D:5      | Became a worshipper of Beogh the Brigand
  3789 | D:5      | Reached skill level 1 in Throwing
  3791 | D:5      | Reached skill level 2 in Axes
  4071 | D:5      | Noticed a fire bat
  4071 | D:5      | a water moccasin changed into a fire bat
  4076 | D:5      | Killed a fire bat
  4077 | D:5      | Reached skill level 3 in Axes
  4096 | D:5      | Reached XP level 8. HP: 67/67 MP: 9/9
  4587 | D:1      | Reached * piety under Beogh
  5187 | D:6      | Found a burning altar of Makhleb.
  5187 | D:6      | Found a hazy altar of Hepliaklqana.
  5187 | D:6      | Found a shimmering altar of Xom.
  5232 | D:6      | Reached skill level 1 in Conjurations
  5232 | D:6      | Reached skill level 1 in Earth Magic
  5262 | D:6      | Found a sand-covered staircase.
  5273 | Ossuary  | Entered an ossuary
  5450 | Ossuary  | Reached ** piety under Beogh
  5557 | Ossuary  | Gained mutation: Your flesh is heat resistant. (rF+)
                  | [potion of mutation]
  5557 | Ossuary  | Gained mutation: You possess an exceptional clarity of
                  | mind. [potion of mutation]
  5580 | Ossuary  | Reached skill level 4 in Axes
  5587 | Ossuary  | Reached skill level 5 in Shields
  5842 | Ossuary  | Lost mutation: You possess an exceptional clarity of mind.
                  | [potion of mutation]
  5842 | Ossuary  | Lost mutation: Your flesh is heat resistant. (rF+) [potion
                  | of mutation]
  5842 | Ossuary  | Gained mutation: You are clumsy. (Dex -2) [potion of
                  | mutation]
  5842 | Ossuary  | Gained mutation: You have hidden genetic potential. [potion
                  | of mutation]
  5843 | Ossuary  | Lost mutation: You are clumsy. (Dex -2) [potion of
                  | mutation]
  5843 | Ossuary  | Lost mutation: You have hidden genetic potential. [potion
                  | of mutation]
  5843 | Ossuary  | Gained mutation: You sometimes lose your temper in combat.
                  | [potion of mutation]
  5843 | Ossuary  | Gained mutation: You have an increased reservoir of magic.
                  | (+10% MP) [potion of mutation]
  5843 | Ossuary  | Gained mutation: You have a pair of small horns on your
                  | head. [potion of mutation]
  5973 | Ossuary  | Reached *** piety under Beogh
  6037 | D:6      | Found a snail-covered altar of Cheibriados.
  6077 | D:6      | Found Zin's Purification Station.
  6077 | D:6      | Found a glowing silver altar of Zin.
  6095 | D:6      | Bought a potion of curing for 90 gold pieces
  6129 | D:6      | Reached skill level 5 in Fighting
  6177 | D:6      | Reached skill level 5 in Axes
  6343 | D:6      | Noticed a troll
  6348 | D:6      | Killed a troll
  6349 | D:6      | Reached XP level 9. HP: 61/74 MP: 5/12
  6355 | D:6      | Learned a level 5 spell: Summon Forest
  6541 | D:6      | Found a shimmering blue altar of Sif Muna.
  6756 | D:7      | Found a basalt altar of Yredelemnul.
  7059 | D:7      | Found a runed translucent gate.
  7060 | D:7      | Found a runed translucent gate.
  7061 | D:7      | Found a runed translucent gate.
  7064 | D:7      | Noticed JanusIIV's ghost (novice GrBe)
  7065 | D:7      | Identified the +9 plate armour of the Lich-sworn {Rampage
                  | Str+2 Dex+3}
  7095 | D:7      | Found a roughly hewn altar of Beogh.
  7564 | D:7      | Reached skill level 5 in Armour
  7564 | D:7      | Reached skill level 1 in Invocations
  7790 | D:7      | Reached skill level 6 in Axes
  7790 | D:7      | Reached skill level 1 in Summonings
  7829 | D:7      | Reached **** piety under Beogh
  7834 | D:7      | Killed JanusIIV's ghost
  8270 | D:8      | Gained Ugbert as an ally
  8271 | D:8      | Noticed Maggie
  8280 | D:8      | Killed Maggie
  8281 | D:8      | Reached skill level 1 in Translocations
  8313 | D:8      | Reached XP level 10. HP: 62/81 MP: 14/14
  8493 | D:8      | Noticed Pikel
  8500 | D:8      | Killed Pikel
  8501 | D:8      | Reached skill level 5 in Long Blades
  8950 | D:8      | Noticed a two-headed ogre
  8956 | D:8      | Killed a two-headed ogre
  9416 | D:8      | Reached skill level 7 in Axes
  9449 | D:8      | Found an ancient bone altar of Kikubaaqudgha.
 10247 | D:8      | Slain by a gnoll sergeant

Illustrated notes

Levels and vault maps discovered:
D:1:      nzn_arrival_crosshair, layout_loops_corners, dreamdust_wishing_well
D:2:      layout_basic, basic_altar, hellmonk_ecumenical_altar_heavens_door,
          chequers_serial_rivers_micro_e, minmay_close_crescents, uniq_natasha
D:3:      minmay_skewed_foursquare, layout_rooms
D:4:      minmay_recursive_quarters, layout_basic, serial_shops, shop,
          minmay_misc_feat_diagonals
D:5:      layout_basic, minmay_temple_entry_proselytizer
D:6:      layout_basic, nicolae_sif_muna_condensation, zin_purify,
          grunt_temple_overflow_open, chequers_ossuary_entry_cave,
          minmay_microvault
D:7:      layout_gridville, yredelemnul_altar_generic,
          biasface_ghost_orc_armoury, dreamdust_mushroom_princess,
          minmay_parallelograms, minmay_misc_feat_roman, lightli_minifort
D:8:      layout_basic, general_overflow_altar, chequers_serial_rivers_micro_c,
          minmay_joined_circles, uniq_pikel, uniq_maggie

Skill      XL: |  1  2  3  4  5  6  7  8  9 10 |
---------------+-------------------------------+-----
Fighting       | 4 5 |  5.9
Shields        | 4 5 |  5.6
Stealth        | 1 2 3 |  3.0
Long Blades    | 3 4 5 |  5.1
Dodging        | 1 2 3 |  3.6
Armour         | 4 5 |  5.4
Fire Magic     | 1 2 3 |  3.4
Axes           | 1 3 5 6 7 |  7.1
Hexes          | 1 2 3 |  3.3
Evocations     | 1 2 3 |  3.1
Spellcasting   | 1 2 |  2.3
Throwing       | 1 2 |  2.9
Conjurations   | 1 2 |  2.6
Earth Magic    | 1 2 |  2.8
Invocations    | 1 2 |  2.5
Summonings     | 1 2 |  2.1
Translocations | 1 |  1.4
Polearms       | |  0.1

Action                   |  1- 3 |  4- 6 |  7- 9 | 10-12 || total
-------------------------+-------+-------+-------+-------++-------
Melee: Long sword        |    42 |    98 |       |       ||   140
       Unarmed           |     7 |       |       |       ||     7
       Hand axe          |       |    40 |   255 |       ||   295
       Headbutt          |       |       |    16 |     8 ||    24
       Broad axe         |       |       |       |    25 ||    25
       Halberd           |       |       |       |     8 ||     8
Throw: Dart              |       |     8 |     6 |     4 ||    18
       Boomerang         |       |    10 |    52 |       ||    62
 Cast: Stone Arrow       |       |       |     2 |       ||     2
Invok: Convert to Beogh  |       |       |     1 |       ||     1
       Smiting           |       |       |       |     1 ||     1
Evoke: Wand              |       |     8 |    10 |     1 ||    19
  Use: Scroll            |     2 |     2 |     5 |     3 ||    12
       Potion            |     1 |     1 |     6 |       ||     8
 Stab: Sleeping          |       |     1 |     3 |       ||     4
       Confused          |       |       |     1 |       ||     1
Armor: Scale mail        |    26 |    26 |       |       ||    52
       Skin              |     4 |       |    10 |       ||    14
       Robe              |       |    38 |    89 |    10 ||   137
Dodge: Dodged            |    31 |    92 |   150 |    26 ||   299
Block: Buckler           |    13 |    34 |    83 |     8 ||   138
